Map: King Sejong Station LE

Players

blackxored - Winner!

  • Race: Zerg Zerg
  • League: Diamond

vehere

  • Race: Zerg Zerg
  • League: Platinum

VOD

Have the link to the VOD?

Description

Time

  • Played on: July 3, 2016, 7:18 p.m.
  • Length: 4:13
Show
View Real Time Build Order
Export as new Build Order

blackxored Zerg - Winner!

Build Orders: Hatch First 

Get SALT Encoding   

  12  0:01  Drone  
  13  0:08  Drone  
  14  0:17  Overlord  
  14  0:22  Extractor  
  14  0:23  Drone  
  15  0:35  Drone  
  15  0:36  Drone  
  17  0:55  Hatchery  
  16  0:57  Drone  
  16  0:59  Drone  
  18  1:12  Extractor  
  18  1:15  Spawning Pool  
  18  1:18  Drone  
  17  1:20  Drone  
  18  1:28  Drone  
  19  1:40  Overlord  
  19  2:03  Zergling x2  
  19  2:04  Zergling x2, Queen  
  19  2:06  Queen  
  19  2:07  Zergling x2  
  26  2:12  Zergling x2, Spine Crawler  
  26  2:17  Metabolic Boost  
  26  2:20  Zergling x2  
  27  2:30  Zergling x4  
  28  2:47  Zergling x4  
  28  2:48  Zergling x2  
  31  2:57  Baneling Nest  
  30  3:10  Drone x2  
  32  3:15  Drone x4  
  32  3:17  Overlord  
  36  3:45  Zergling x10  
  36  3:46  Zergling x2  
Show
View Real Time Build Order
Export as new Build Order

vehere Zerg 

Build Orders: Pool First 

Get SALT Encoding   

  12  0:18  Spawning Pool  
  11  0:21  Drone  
  11  0:26  Drone  
  13  0:30  Drone  
  14  0:41  Overlord  
  14  1:05  Queen  
  14  1:07  Zergling x6  
  19  1:19  Drone  
  20  1:35  Hatchery  
  20  1:38  Drone  
  20  1:46  Overlord  
  20  1:53  Extractor  
  19  1:54  Drone  
  20  2:07  Drone  
  21  2:14  Drone x2  
  21  2:15  Drone x2  
  25  2:17  Queen  
  26  2:40  Drone x2  
  28  2:52  Drone x2  
  28  2:53  Drone x2  
  32  3:03  Overlord  
  32  3:07  Overlord  
  32  3:23  Drone x3  
  35  3:27  Drone x2  
  35  3:28  Drone x2  
  39  3:36  Overlord x2  
  39  3:44  Baneling Nest  
  38  3:55  Spine Crawler x2  
  35  3:56  Spine Crawler  
  35  3:59  Evolution Chamber  
  35  4:00  Evolution Chamber  
  32  4:06  Spine Crawler  
Tags
 
Add a new tag
Caveats
  • Supply blocks, unpowered buildings, or Contaminate may cause inaccurate times.
  • Supply counts are checked every 10 seconds.